 Dungeon Crawl Stone Soup version 0.28-a0-861-ge64d6db94f (webtiles) character file.

Game seed: 5409103876024911260

494 Sabo the Covered (level 7, 0/55 HPs)
             Began as a Formicid Fighter on Nov 16, 2021.
             Was a Follower of Uskayaw.
             Slain by Duvessa (5 damage)
             ... on level 4 of the Dungeon.
             The game lasted 00:28:20 (5772 turns).

Sabo the Covered (Formicid Fighter)                 Turns: 5772, Time: 00:28:23

Health: 0/55       AC: 14    Str: 22    XL:     7   Next: 38%
Magic:  4/7        EV:  8    Int:  8    God:    Uskayaw [*.....]
Gold:   171        SH:  4    Dex: 10    Spells: 6/6 levels left

rFire   . . .      SeeInvis +   d - +6 flail (holy)
rCold   . . .      Faith    +   c - +0 buckler
rNeg    . . .      Spirit   .   r - +0 chain mail
rPois   .          Reflect  .   (helmet unavailable)
rElec   .          Harm     .   n - +2 cloak {Stlth+}
rCorr   .          Rampage  .   (no gloves)
Will    .....                   b - +0 pair of boots
Stlth   ..........              m - amulet of faith
HPRegen 0.18/turn               (no ring)
MPRegen 0.10/turn               (no ring)

@: lit by a corona, glowing
A: permanent stasis, dig shafts and tunnels, antennae 3, four strong arms
a: Dig, Shaft Self, Renounce Religion, Stomp


You were on level 4 of the Dungeon.
You worshipped Uskayaw.
Uskayaw was noncommittal.
You visited 1 branch of the dungeon, and saw 4 of its levels.

You collected 171 gold pieces.

Inventory:

Hand Weapons
 a - a +0 war axe
 d - a +6 flail of holy wrath (weapon)
 i - a +0 glaive
 k - a +2 quarterstaff of venom
Missiles
 e - a boomerang
 f - 34 arrows
 h - 24 poisoned darts
 l - 19 sling bullets
Armour
 b - a +0 pair of boots (worn)
 c - a +0 buckler (worn)
 n - a +2 cloak of stealth (worn)
 r - a +0 chain mail (worn)
Jewellery
 m - an amulet of faith (around neck)
Scrolls
 o - 2 scrolls of identify
 p - a scroll of torment {unknown}
 q - a scroll of enchant weapon {unknown}
Potions
 g - a potion of magic {unknown}
 j - a potion of curing


   Skills:
 + Level 4.3 Fighting
 + Level 3.2(3.4) Axes
 + Level 1.2(3.1) Maces & Flails
 + Level 2.9(3.1) Staves
 + Level 5.4 Armour
 + Level 1.2 Dodging
 + Level 1.4 Stealth
 + Level 4.4 Shields


You had 6 spell levels left.
You didn't know any spells.
Your spell library contained the following spells:

 Spells                   Type           Power      Damage    Failure   Level
 Ensorcelled Hibernation  Hex/Ice        0%         N/A       99%         2
 Gell's Gravitas          Tloc           0%         N/A       100%        3
 Spider Form              Tmut/Pois      0%         N/A       100%        3
 Teleport Other           Tloc           0%         N/A       100%        3
 Dispersal                Tloc           0%         N/A       100%        6


Dungeon Overview and Level Annotations

Branches:
Dungeon (4/15)
 Temple: D:4-7

Altars:
Uskayaw

Shops:
D:2 :

Annotations:
D:4 Dowan, Duvessa


Innate Abilities, Weirdness & Mutations

You cannot be hasted, slowed, berserked, paralysed or teleported.
You can dig through walls and to a lower floor.
You have a pair of large antennae on your head. (SInv)
Your four strong arms can wield two-handed weapons with a shield.


Message History

You can now pass through a line of other dancers.
You barely miss Duvessa.
Duvessa is heavily wounded.
Duvessa hits you but does no damage.
The giant cockroach bites you but does no damage.
You block Dowan's attack. Duvessa completely misses you.
You hit Duvessa but do no damage.
Duvessa is heavily wounded.
The giant cockroach bites you but does no damage.
Duvessa barely misses you. Dowan hits you but does no damage.
The giant cockroach barely misses you.
You hit Duvessa but do no damage.
Duvessa is heavily wounded.
Duvessa barely misses you. Dowan hits you but does no damage.
Duvessa hits you but does no damage.
The giant cockroach waves its antennae.
The giant cockroach bites you but does no damage.
You block Dowan's attack.
You barely miss Duvessa.
Duvessa is heavily wounded.
Duvessa hits you with a +1 rapier of protection.
* * * LOW HITPOINT WARNING * * *
The giant cockroach bites you but does no damage.
Duvessa hits you but does no damage.
Dowan points at you and mumbles some strange words.
You are outlined in light.
The giant cockroach closely misses you.
You can no longer pass through a line of other dancers.
You hit Duvessa but do no damage.
Duvessa is heavily wounded.
Duvessa hits you with a +1 rapier of protection!
* * * LOW HITPOINT WARNING * * *
The giant cockroach misses you. Duvessa hits you but does no damage.
Dowan hits you but does no damage.
You miss Dowan.
Dowan is moderately wounded.
You block Duvessa's attack.
The giant cockroach bites you but does no damage.
Dowan hits you but does no damage.
Duvessa hits you with a +1 rapier of protection.
You die...

.......#
#..#...'..####.#
#..#...#...P)..###.#
..#...#....).......
..#####..####......
.#####.#..'...)..#......
.......#..#...#..#......
.......####...#..#......
......)e.....##'##......
.......@e....#..# ......
......B####..#..# ..[...
....... #..#'## .......
+..#..# ....... #..#..#
....... ...#### #
...:... .... .## .......
.^.. ####..##


You could see Duvessa (fast), Dowan and a giant cockroach.

Vanquished Creatures
  Edmund (D:4)
  Blork the orc (D:4)
  Crazy Yiuf (D:2)
  An orc priest (D:4)
  A bullfrog skeleton (D:4)
  Jessica (D:2)
  A centaur skeleton (D:4)
  An orc wizard (D:4)
  4 adders
  3 worms
  A dart slug (D:2)
  12 orcs
  6 ball pythons
  3 endoplasms
  4 giant cockroaches
  8 goblins
  7 hobgoblins
  6 quokkas
  6 bats (D:1)
  3 frilled lizards
  12 kobolds
  21 rats
104 creatures vanquished.

Notes
Turn   | Place    | Note
-------+----------+-------------------------------------------
     0 | D:1      | Sabo the Formicid Fighter began the quest for the Orb.
     0 | D:1      | Reached XP level 1. HP: 18/18 MP: 1/1
   144 | D:1      | Reached XP level 2. HP: 24/24 MP: 2/2
   970 | D:1      | Reached XP level 3. HP: 27/29 MP: 3/3
  1719 | D:2      | Reached skill level 4 in Armour
  1730 | D:2      | Found a faded altar of an unknown god.
  1767 | D:2      | Prayed at the altar of an unknown god.
  1767 | D:2      | Became a worshipper of Uskayaw the Reveller
  1767 | D:2      | Reached * piety under Uskayaw
  1786 | D:2      | Found a runed translucent door.
  1880 | D:2      | Noticed Jessica
  1888 | D:2      | Killed Jessica
  1889 | D:2      | Reached XP level 4. HP: 37/37 MP: 4/4
  1958 | D:2      | Found Fofean's Book Shop.
  2841 | D:2      | Noticed Crazy Yiuf
  2847 | D:2      | Reached ** piety under Uskayaw
  2849 | D:2      | Killed Crazy Yiuf
  2850 | D:2      | Reached XP level 5. HP: 21/40 MP: 5/5
  3741 | D:3      | Reached *** piety under Uskayaw
  3751 | D:3      | Reached **** piety under Uskayaw
  4296 | D:4      | Noticed Edmund
  4308 | D:4      | Killed Edmund
  4309 | D:4      | Reached skill level 1 in Stealth
  4309 | D:4      | Reached XP level 6. HP: 17/48 MP: 6/6
  4573 | D:4      | Noticed Blork the orc
  4579 | D:4      | HP: 1/48 [Blork the orc (10)]
  4581 | D:4      | Killed Blork the orc
  4582 | D:4      | Reached skill level 5 in Armour
  4582 | D:4      | Reached skill level 1 in Dodging
  5088 | D:4      | Reached XP level 7. HP: 34/54 MP: 7/7
  5605 | D:4      | Reached skill level 1 in Maces & Flails
  5749 | D:4      | Noticed Duvessa
  5750 | D:4      | Noticed Dowan
  5772 | D:4      | Slain by Duvessa

Illustrated notes

Levels and vault maps discovered:
D:1:      psy_arrival_conway, layout_basic, hangedman_decor_push,
          minmay_tiny_reverse_x
D:2:      layout_loops_corners, hellmonk_ecumenical_altar_arch_garden,
          serial_shops, nicolae_lakefront_shop, uniq_crazy_yiuf_cottage,
          uniq_jessica
D:3:      layout_loops_ring, minmay_rat_hole
D:4:      corexii_shack_village, layout_basic, uniq_blork_the_orc, uniq_edmund,
          uniq_duvessa

Skill      XL: |  1  2  3  4  5  6  7 |
---------------+----------------------+-----
Shields        | 4 |  4.4
Armour         | 4 5 |  5.4
Axes           | 3 |  3.2
Fighting       | 4 |  4.3
Staves         | 2 |  2.9
Stealth        | 1 |  1.4
Dodging        | 1 |  1.2
Maces & Flails | 1 |  1.2

Action                   |  1- 3 |  4- 6 |  7- 9 || total
-------------------------+-------+-------+-------++-------
Melee: War axe           |   105 |    15 |       ||   120
       Quarterstaff      |       |    92 |       ||    92
       Flail             |       |    22 |    39 ||    61
Invok: Stomp             |       |       |     1 ||     1
 Abil: Dig               |     4 |     4 |     1 ||     9
  Use: Scroll            |     3 |     6 |       ||     9
       Potion            |       |     4 |     1 ||     5
 Stab: Paralysed         |       |     2 |     1 ||     3
Armor: Scale mail        |    61 |    68 |       ||   129
       Chain mail        |       |       |    44 ||    44
Dodge: Dodged            |    63 |    60 |    24 ||   147
Block: Buckler           |    39 |    27 |    12 ||    78

Table legend: (Time is in decaauts)
 A = Elapsed time spent in this place.
 B = Non-inter-level travel time spent in this place.
 C = Inter-level travel time spent in this place.
 D = Time resting spent in this place.
 E = Time spent auto-exploring this place.
 F = Levels seen in this place.
 G = Mean time per level.
                   A        B        C        D        E       F      G
               +--------+--------+--------+--------+--------+-----+--------+
         Total |   5874 |   5874 |      0 |   1935 |      0 |   4 | 1468.5 |
       Dungeon |   5874 |   5874 |      0 |   1935 |      0 |   4 | 1468.5 |
               +--------+--------+--------+--------+--------+-----+--------+

Top non-repeatable levels by time:
     D:1: 1688 daAuts
     D:4: 1625 daAuts
     D:2: 1408 daAuts
     D:3: 1151 daAuts
